 Dungeon Crawl Stone Soup version 0.26-a0-818-g75db068ed4 (webtiles) character file.

Game seed: 8846536668564600979

718792 miscthings the Sniper (level 27, -66/173 HPs)
             Began as a Kobold Berserker on Nov 13, 2020.
             Was the Champion of Dithmenos.
             Killed from afar by Plog the pandemonium lord (69 damage)
             ... with a great icy blast
             ... in Pandemonium on Nov 14, 2020.
             The game lasted 04:31:47 (84175 turns).

miscthings the Sniper (Kobold Berserker)           Turns: 84175, Time: 04:31:48

Health: -66/173    AC: 32    Str: 26 (27) XL:     27
Magic:  0/50       EV: 30    Int: 23 (24) God:    Dithmenos [******]
Gold:   1956       SH:  0    Dex: 15      Spells: 1/54 levels left

rFire    . . .     SeeInvis +   r - +9 triple crossbow (flame)
rCold    + . .     Faith    .   (shield currently unavailable)
rNeg     + + +     Spirit   +   k - +2 robe of Vines {NoPotionHeal Regen+7}
rPois    ∞         Reflect  .   j - +2 helmet {SInv}
rElec    +         Harm     +   q - +2 cloak {MR+}
rCorr    .         Rampage  .   S - +2 pair of gloves {archery}
MR       +++++                  U - +5 pair of boots of Dawn {Harm rElec}
Stlth    ++++++++++             u - amulet "Kerirucs" {Spirit MP+9 Int+3}
HPRegen  3.18/turn              X - ring of Syeweuva {+Fly rN+ Str+7 Int+3}
MPRegen  0.32/turn              E - ring "Poigg" {Wiz Str+3}

@: lich-form, frozen, wreathed by umbra, very slow
A: small, iridescent scales 1, yellow scales 1, deterioration 1, magic
resistance 1, nightstalker 3
}: 4/15 runes: decaying, serpentine, slimy, abyssal
a: End Transformation, Shadow Step, Shadow Form, Renounce Religion, Evoke Flight


You were in Pandemonium.
You worshipped Dithmenos.
Dithmenos was exalted by your worship.
You were a lich.
You visited 13 branches of the dungeon, and saw 57 of its levels.
You visited Pandemonium 1 time, and saw 4 of its levels.
You visited the Abyss 1 time.
You also visited: Trove, Gauntlet and Ice Cave.

You collected 8438 gold pieces.
You spent 6482 gold pieces at shops.

Inventory:

Hand Weapons
 r - a +9 triple crossbow of flaming (weapon)
 F - the +8 short sword of Zalymod {freeze, Str+6 Dex+2 Stlth+}
   (You bought it in a shop on level 9 of the Dungeon)

   It has been specially enchanted to freeze those struck by it, causing extra
   injury to most foes and up to half again as much damage against particularly
   susceptible opponents.
   It can also slow down cold-blooded creatures.
   It affects your strength (+6).
   It affects your dexterity (+2).
   It makes you more stealthy.
Missiles
 v - 1362 bolts (quivered)
 B - 2 throwing nets
Armour
 j - a +2 helmet of see invisible (worn)
 k - the +2 robe of Vines (worn) {NoPotionHeal Regen+7}
   (You found it on level 5 of the Depths)

   It increases your rate of regeneration.
 q - a +2 cloak of magic resistance (worn)
 S - a +2 pair of gloves of archery (worn)
 U - the +5 pair of boots of Dawn (worn) {Harm rElec}
   (You found it in Pandemonium)

   It insulates you from electricity.
   It increases damage dealt and taken.
Magical Staves
 Y - an uncursed staff of fire
Jewellery
 u - the amulet "Kerirucs" (around neck) {Spirit MP+9 Int+3}
   (You took it off a deep elf mage on level 3 of the Elven Halls)

   [amulet of guardian spirit]

   It causes incoming damage to be split between your health and magic.
   It affects your intelligence (+3).
   It affects your magic capacity (+9).
 E - the ring "Poigg" (right hand) {Wiz Str+3}
   (You took it off a deep elf demonologist on level 3 of the Elven Halls)

   [ring of wizardry]

   It improves your spell success rate.
   It affects your strength (+3).
 J - the amulet "Fizaco Mota" {Reflect +Blink +Inv SH+5}
   (You acquired it on level 3 of the Elven Halls)

   [amulet of reflection]

   It shields you and reflects attacks.
   It lets you turn invisible.
   It lets you blink.
   It affects your SH (+5).
 R - a +4 ring of slaying
 W - an uncursed ring of protection from cold
 X - the ring of Syeweuva (left hand) {+Fly rN+ Str+7 Int+3}
   (You took it off a deep elf high priest on level 3 of the Elven Halls)

   [ring of positive energy]

   It affects your strength (+7).
   It affects your intelligence (+3).
   It protects you from negative energy.
   It lets you fly.
Wands
 t - a wand of paralysis (9)
 y - a wand of digging (5)
 L - a wand of enslavement (36)
 N - a wand of acid (7)
 T - a wand of iceblast (42)
Scrolls
 c - 16 scrolls of teleportation
 f - 10 scrolls of magic mapping
 g - 2 scrolls of summoning
 h - 9 scrolls of fog
 l - 22 scrolls of remove curse
 n - 15 scrolls of identify {@r1}
 p - 12 scrolls of immolation
 G - 5 scrolls of holy word
 H - 4 scrolls of vulnerability
 M - 3 scrolls of silence
 P - 2 scrolls of fear
 Q - 3 scrolls of blinking
Potions
 b - 4 potions of haste
 d - 12 potions of heal wounds
 e - 19 potions of curing
 i - 10 potions of might
 m - 8 potions of mutation
 o - 8 potions of flight
 x - 9 potions of brilliance
 z - 14 potions of ambrosia
 A - 9 potions of cancellation
 C - 5 potions of magic
 D - 3 potions of invisibility
 K - 8 potions of resistance
Miscellaneous
 a - the horn of Geryon (inert)
 s - a phantom mirror
 w - a box of beasts (inert)
 O - a tin of tremorstones (2/2)
 V - a lightning rod (4/4)
 Z - a condenser vane


   Skills:
 - Level 18.0 Fighting
 - Level 12.0 Short Blades
 - Level 26.0 Crossbows
 - Level 4.0 Throwing
 - Level 12.0 Armour
 - Level 19.1 Dodging
 - Level 20.0 Stealth
   Level 5.6 Shields
 - Level 14.0 Spellcasting
 - Level 7.0 Hexes
 - Level 20.0 Necromancy
 - Level 6.0 Translocations
 - Level 15.0 Transmutations
 + Level 13.8 Fire Magic
   Level 4.0 Ice Magic
 - Level 4.0 Earth Magic
 - Level 10.0 Invocations
 - Level 15.0 Evocations


You had one spell level left.
You knew the following spells:

 Your Spells              Type           Power        Failure   Level
a - Infestation           Necr           ########..   2%          8
b - Portal Projectile     Hex/Tloc       #####.       1%          3
c - Passage of Golubria   Tloc           N/A          1%          4
d - Leda's Liquefaction   Hex/Erth       #####.....   1%          4
e - Necromutation         Tmut/Necr      #######...   8%          8
o - Death's Door          Necr           ########..   38%         9
p - Borgnjor's Revivific  Necr           ########..   2%          8
r - Apportation           Tloc           #####.       1%          1
x - Ignition              Fire           ######....   32%         8

Your spell library contained the following spells:

 Spells                   Type           Power        Failure   Level
 Beastly Appendage        Tmut           ######       0%          1
 Corona                   Hex            #####..      1%          1
 Foxfire                  Conj/Fire      ####         1%          1
 Magic Dart               Conj           ###.         1%          1
 Sandblast                Erth           ####..       1%          1
 Shock                    Conj/Air       ###.         1%          1
 Sting                    Tmut/Pois      ####         1%          1
 Sublimation of Blood     Necr           ########..   0%          2
 Wereblood                Tmut           ######..     0%          2
 Dispel Undead            Necr           ########     0%          4
 Blink                    Tloc           N/A          1%          2
 Corpse Rot               Necr/Air       N/A          1%          2
 Ensorcelled Hibernation  Hex/Ice        #####.       1%          2
 Passwall                 Tmut/Erth      ######..     1%          2
 Slow                     Hex            #####...     1%          2
 Confusing Touch          Hex            #####...     1%          3
 Conjure Flame            Conj/Fire      #####...     1%          3
 Dazzling Flash           Conj/Hex       ####..       1%          3
 Frozen Ramparts          Ice            ####..       1%          3
 Gell's Gravitas          Tloc           #####.....   1%          3
 Ignite Poison            Fire/Tmut/Pois ######..     1%          3
 Inner Flame              Hex/Fire       ######..     1%          3
 Lesser Beckoning         Tloc           #####.....   1%          3
 Ozocubu's Armour         Ice            ####....     1%          3
 Spider Form              Tmut/Pois      ######....   1%          3
 Stone Arrow              Conj/Erth      ####..       1%          3
 Summon Guardian Golem    Hex/Summ       ####....     1%          3
 Teleport Other           Tloc           #####...     1%          3
 Tukima's Dance           Hex            #####...     1%          3
 Cause Fear               Hex            #####.....   1%          4
 Petrify                  Tmut/Erth      ######..     1%          4
 Sticky Flame             Conj/Fire      #####...     1%          4
 Agony                    Necr           ########     1%          5
 Alistair's Intoxication  Tmut/Pois      ######...    1%          5
 Borgnjor's Vile Clutch   Necr/Erth      #######...   1%          5
 Excruciating Wounds      Necr           ########..   1%          5
 Irradiate                Conj/Tmut      ######....   1%          5
 Yara's Violent Unravell  Hex/Tmut       ######....   1%          5
 Death Channel            Necr           ########..   1%          6
 Hydra Form               Tmut           ######....   1%          6
 Call Imp                 Summ           ###.....     2%          2
 Poisonous Vapours        Pois/Air       ###...       2%          2
 Searing Ray              Conj           ###...       2%          2
 Swiftness                Air            ###.....     2%          2
 Fireball                 Conj/Fire      #####.....   2%          5
 Dragon Form              Tmut           ######....   2%          7
 Fulminant Prism          Conj/Hex       ####......   3%          4
 Bolt of Magma            Conj/Fire/Erth #####.....   3%          5
 Mephitic Cloud           Conj/Pois/Air  ###.....     4%          3
 Static Discharge         Conj/Air       ###.....     4%          3
 Iskenderun's Mystic Bla  Conj/Tloc      ####....     4%          4
 Metabolic Englaciation   Hex/Ice        #####.....   4%          5
 Statue Form              Tmut/Erth      ######...    4%          6
 Hailstorm                Conj/Ice       ####....     6%          4
 Lee's Rapid Deconstruct  Erth           ####......   9%          5
 Silence                  Hex/Air        ####......   10%         5
 Summon Mana Viper        Hex/Summ       ####....     10%         5
 Eringya's Noxious Bog    Tmut/Pois      ######....   11%         6
 Summon Forest            Summ/Tloc      ####......   12%         5
 Invisibility             Hex            #####...     13%         6
 Starburst                Conj/Fire      #####.....   13%         6
 Airstrike                Air            ###.......   16%         4
 Olgreb's Toxic Radiance  Pois           ###.....     16%         4
 Dispersal                Tloc           #####.....   19%         6
 Haunt                    Necr/Summ      #######...   21%         7
 Iskenderun's Battlesphe  Conj           ###.....     38%         5
 Lightning Bolt           Conj/Air       ###.......   38%         5
 Iron Shot                Conj/Erth      ####......   65%         6
 Freezing Cloud           Conj/Ice/Air   ###.......   77%         6
 Shadow Creatures         Summ           N/A          89%         6
 Malign Gateway           Summ/Tloc      ####......   97%         7
 Orb of Destruction       Conj           ###.......   100%        7
 Spellforged Servitor     Conj/Summ      ###.......   100%        7
 Summon Hydra             Summ           ###.......   100%        7
 Disjunction              Tloc           #####.....   100%        8
 Dragon's Call            Summ           ###.......   100%        9
 Shatter                  Erth           ####......   100%        9


Dungeon Overview and Level Annotations

Branches:
Dungeon (15/15)            Temple (1/1) D:7            Lair (6/6) D:11
  Swamp (4/4) Lair:3        Snake (4/4) Lair:2        Slime (5/5) Lair:6
    Orc (2/2) D:12            Elf (3/3) Orc:2        Vaults (4/5) D:13
  Crypt (3/3) Vaults:3       Tomb (0/3) Crypt:3      Depths (5/5) D:15
   Hell (visited)             Dis (0/7) Hell            Geh (0/7) Hell
    Coc (0/7) Hell            Tar (0/7) Hell            Zot (4/5) Depths:5
  IceCv (visited)         Gauntlet (visited)

Altars:
Ashenzari
Cheibriados
Dithmenos
Elyvilon
Fedhas
Gozag
Hepliaklqana
Kikubaaqudgha
Makhleb
Nemelex Xobeh
Okawaru
Qazlal
Ru
Sif Muna
Trog
Vehumet
Wu Jian
Xom
Yredelemnul
Zin
The Shining One
Jiyva

Shops:
D:9 *   D:11 (   D:12 }   Orc:2 ![(*:   Snake:2 *![=:   Vaults:2 [   Vaults:3 [
Depths:1 [   Depths:2 [

Portals:
Hell: Depths:1 Depths:2 Depths:3 Depths:4 Depths:5
Abyss: Depths:1 Depths:4
Pandemonium: Depths:2 Depths:3
Ziggurat: Depths:3

Annotations:
D:3 3 runed translucent doors, snetch's ghost, weakling HOMo


Innate Abilities, Weirdness & Mutations

You are small and have problems with some larger weapons.
You are completely attuned to the shadows.
You are partially covered in iridescent scales. (AC +2)
You are partially covered in yellow scales. (AC +2)
Your body sometimes deteriorates upon taking damage.
You are resistant to hostile enchantments. (MR+)


Message History

Plog gestures at you.
Plog conjures a mighty blast of ice!
The great icy blast engulfs you! You partially resist.
The great icy blast engulfs the hell beast!!!!
The hell beast dies!
You hear a roar!
Press: ? - help, Dir - move target cursor, p - Plog
Okay, then.
You fail to use your ability.
Plog hits you!!
* * * LOW HITPOINT WARNING * * *
The ice encasing you melts away. Plog gestures at you.
Plog conjures a mighty blast of ice!
The great icy blast engulfs you!! You partially resist.
* * * LOW HITPOINT WARNING * * *
You are encased in ice.
Plog gestures at you.
Plog conjures a mighty blast of ice!
The great icy blast engulfs you!!! You partially resist.
You die...

..... #....
.... #...# ..#
##...####'#
#....#§§§§#...
#....#§§§§#..
#....#§§L§#2###
#....#§§8§#○.#.
#....'§§§☼&1#6○
#....#(§.°#○.#.
#....#....#.###
##...####.###
.#...####+
.........#
.........#


You could see Plog (clouds).

Vanquished Creatures
  the Royal Jelly (Slime:5)
  The ghost of Hynnuzim the Warrior, a veteran CeHu of the Shining One (Crypt:1)
  A juggernaut (Depths:2)
  Boris (Crypt:1)
  2 greater mummies (Depths:3)
  Margery (Crypt:2)
  Bai Suzhen (Swamp:4)
  A curse toe (Zot:4)
  Nikola (Snake:1)
  Geryon (Hell)
  Jory (Crypt:2)
  2 profane servitors
  4 golden dragons
  2 pandemonium lords (Pan)
  3 bone dragons
  3 Brimstone Fiends (Pan)
  7 liches
  A Hell Sentinel (Pan)
  11 tentacled monstrosities
  Asterion (Depths:3)
  6 Ice Fiends (Pan)
  A deep elf blademaster (Elf:3)
  5 quicksilver dragons
  A deep elf master archer (Elf:3)
  19 acid blobs
  4 death cobs
  5 ancient champions
  5 Executioners
  7 nagarajas
  Roxanne (Elf:3)
  5 sphinxes
  3 tentacled starspawn (Abyss:2)
  8 shadow dragons
  14 azure jellies
  4 revenants
  6 draconian monks (Depths:5)
  10 storm dragons
  3 tengu reavers
  12 fire giants
  2 draconian knights (Zot:3)
  3 iron dragons
  3 ghost moths
  6 deep elf sorcerers
  9 frost giants
  3 draconian shifters
  5 ghouls
  14 vault wardens
  4 draconian scorchers
  4 deep elf elementalists
  3 cacodemons
  Louise (Elf:3)
  2 balrugs
  Aizul (Crypt:1)
  4 reapers
  14 ironheart preservers
  A curse skull (Crypt:3)
  2 draconian annihilators
  A draconian stormcaller (Zot:2)
  7 green draconians
  21 vampire knights
  20 stone giants
  2 war gargoyles
  4 entropy weavers
  29 very ugly things
  2 corrupters (Pan)
  3 blood saints (Pan)
  5 deep elf annihilators
  6 black draconians
  7 deep elf demonologists (Elf:3)
  5 yellow draconians
  A minotaur (Gauntlet)
  9 purple draconians
  8 white draconians
  14 lorocyprocas (Pan)
  9 red draconians
  A black sun (Pan)
  A spectral titan (Crypt:3)
  4 bunyips
  Azrael (Snake:1)
  3 spark wasps (Depths:2)
  4 eleionomae
  4 blizzard demons
  2 eidola
  13 ettins
  15 deep elf death magi
  9 green deaths (Pan)
  25 jiangshi
  11 death oozes
  A merfolk impaler (Depths:5)
  3 mummy priests (Depths:3)
  A shambling mangrove (Swamp:3)
  10 fire dragons
  Josephine (Lair:5)
  12 yaktaur captains
  10 great orbs of eyes
  13 ogre magi
  Harold (D:7)
  3 deep elf high priests (Elf:3)
  12 ice dragons
  6 hell beasts (Pan)
  29 naga warriors
  24 hydras
  2 monstrous demonspawn (Pan)
  2 rakshasas
  18 vault guards
  4 boulder beetles
  9 death knights
  3 spriggan air magi
  10 centaur warriors
  10 anacondas
  25 dancing weapons
  50 two-headed ogres
  7 vampire magi
  6 hell hogs
  8 deep troll earth magi
  11 alligators
  A queen ant (Lair:6)
  16 naga sharpshooters
  A spriggan berserker (Depths:2)
  13 deep troll shamans
  A death yak (Lair:5)
  5 tengu warriors
  6 thrashing horrors (Abyss:2)
  5 goliath frogs
  8 soul eaters
  A storm dragon zombie (Vaults:3)
  7 shock serpents
  4 orc high priests
  9 hell knights
  A titan skeleton (Crypt:1)
  32 deep elf knights
  12 sun demons
  3 shadow wraiths
  8 sixfirhies
  2 wretched stars (Abyss:2)
  20 iron trolls
  38 skeletal warriors
  17 small abominations
  A spatial maelstrom (Abyss:2)
  A death drake (Depths:5)
  5 salamander mystics
  A shadow demon (Pan)
  2 spriggan druids
  A storm dragon skeleton (Vaults:3)
  An anaconda zombie (Hell)
  10 flayed ghosts
  2 infernal demonspawn (Pan)
  7 unseen horrors
  16 bog bodies
  7 glowing orange brains
  27 deep trolls
  A glowing orange brain (shapeshifter) (Vaults:1)
  21 deep elf archers
  11 ironbrand convokers
  7 starcursed masses
  10 swamp dragons
  8 naga ritualists
  A kraken simulacrum (Hell)
  8 wizards
  2 orange crystal statues (Abyss:3)
  A gelid demonspawn (Pan)
  3 lindwurms
  63 deep elf magi
  4 harpies (Vaults:4)
  16 orc knights
  A wolf spider zombie (D:14)
  21 phantasmal warriors
  2 frost giant zombies (Crypt:2)
  A lindwurm (shapeshifter) (Depths:4)
  4 wolf spiders
  7 orc sorcerers
  3 shining eyes
  An iron dragon zombie (Crypt:3)
  8 necromancers
  12 mana vipers
  55 ugly things
  18 cyclopes
  A salamander (shapeshifter) (Vaults:3)
  106 slime creatures
  6 fire giant zombies
  28 large abominations
  2 will-o-the-wisps
  16 moths of wrath
  A worldbinder (Abyss:2)
  19 elephants
  16 salamanders
  4 ice statues
  3 centaur zombies
  Psyche (D:9)
  4 molten gargoyles
  A fire giant skeleton (Vaults:2)
  A gargoyle (D:14)
  8 guardian serpents
  2 rust devils (Hell)
  7 vault sentinels
  19 naga magi
  2 eyes of devastation (Slime:5)
  32 black mambas
  6 orange demons
  A storm dragon simulacrum (Vaults:2)
  2 kobold demonologists (D:14)
  2 minotaur zombies (Gauntlet)
  9 cane toads
  11 smoke demons
  2 human zombies
  A spriggan zombie (D:15)
  9 hellions (Pan)
  An ice devil (Depths:5)
  2 efreet
  16 komodo dragons
  A torpor snail (Lair:6)
  36 yaktaurs
  An anaconda simulacrum (Hell)
  6 demonic crawlers (Pan)
  2 rime drakes (D:11)
  A yaktaur (shapeshifter) (Vaults:3)
  A yaktaur skeleton (Vaults:2)
  5 red devils
  2 guardian mummies (Depths:3)
  5 tormentors
  16 freezing wraiths
  A queen bee (shapeshifter) (Depths:4)
  A hellwing (Pan)
  2 tengu conjurers
  A minotaur skeleton (Crypt:1)
  A queen bee (Lair:3)
  A troll (shapeshifter) (D:10)
  A merfolk (D:15)
  A wandering mushroom (Lair:2)
  13 trolls
  2 hydra zombies (Hell)
  A jumping spider (shapeshifter) (Depths:1)
  32 polar bears
  4 ancient zymes (Abyss:2)
  2 bloated husks
  4 hornets
  A pale draconian skeleton (Crypt:1)
  A tengu simulacrum (Vaults:3)
  A meliai (shapeshifter) (Vaults:4)
  2 wind drakes (Depths:5)
  6 tyrant leeches
  A wind drake (shapeshifter) (Elf:1)
  13 raiju
  Grinder (D:5)
  3 alligator zombies
  A guardian serpent zombie (Crypt:2)
  13 blink frogs
  4 dream sheep (Lair:4)
  4 hydra skeletons
  An ice dragon zombie (D:15)
  73 flying skulls
  2 human simulacra
  A shadow (Crypt:3)
  An alligator skeleton (Hell)
  A centaur simulacrum (D:15)
  An ice dragon skeleton (D:15)
  3 air elementals
  2 tarantellas (Vaults:2)
  2 spriggans (shapeshifter)
  3 water elementals
  14 fire elementals
  13 wraiths
  68 yaks
  3 vampires
  5 redbacks
  13 basilisks
  13 wyverns
  26 ynoxinuls
  A steam dragon (Lair:3)
  2 golden eyes (Slime:5)
  13 chaos spawn
  7 humans (D:13)
  6 vampire mosquitoes
  14 neqoxecs
  A warg (Orc:1)
  A harpy simulacrum (Abyss:2)
  21 swamp worms
  81 nagas
  12 soldier ants
  2 acid dragons
  A cane toad zombie (Hell)
  21 water moccasins
  A torturous demonspawn zombie (Crypt:1)
  A hydra simulacrum (Hell)
  Duvessa (D:6)
  24 hell hounds
  A monstrous demonspawn skeleton (Crypt:1)
  A hornet zombie (D:10)
  2 floating eyes
  2 ice beasts
  37 orc warriors
  12 swamp drakes
  8 sky beasts
  A black bear (shapeshifter) (Vaults:2)
  2 ice dragon simulacra
  4 phantoms
  19 black bears
  5 eyes of draining
  6 necrophages
  An eye of draining (shapeshifter) (D:15)
  The ghost of Talea the Agent of Entropy, an amateur DsAK of Lugonu (D:4)
  57 ogres
  A swamp dragon skeleton (Crypt:2)
  69 wolves
  14 centaurs
  2 big kobolds (D:14)
  25 bullfrogs
  A draconian zombie (Crypt:2)
  3 earth elementals
  A glowing shapeshifter simulacrum (Vaults:3)
  Dowan (D:6)
  A human skeleton (Vaults:2)
  A wyvern skeleton (D:11)
  7 scorpions
  A water moccasin skeleton (D:9)
  45 killer bees
  24 wights
  A spectral wolf (Crypt:2)
  A spriggan skeleton (Crypt:1)
  7 howler monkeys
  4 electric eels
  5 lava snakes (Lair:6)
  A crimson imp (Depths:2)
  2 bullfrog zombies
  4 quasits
  20 orc priests
  A bullfrog skeleton (Crypt:1)
  A jelly (D:10)
  5 hounds
  An iron imp (Depths:3)
  19 orc wizards
  10 centaur skeletons
  4 iguanas
  Terence (D:2)
  33 worker ants
  A killer bee zombie (D:10)
  A felid zombie (Crypt:2)
  A big kobold skeleton (Crypt:2)
  3 hound skeletons
  A mummy (Depths:3)
  7 gnolls (D:4)
  A howler monkey skeleton (D:6)
  A swamp drake zombie (Crypt:2)
  23 adders
  4 shadow imps
  8 white imps
  8 ufetubi
  3 oozes
  A halfling zombie (Crypt:2)
  2 adder skeletons
  2 dart slugs (D:1)
  9 leopard geckos
  74 orcs
  3 bats
  4 giant cockroaches
  A goblin (D:1)
  7 hobgoblins
  7 jackals
  A quokka (D:4)
  3 ball pythons
  8 frilled lizards
  A hobgoblin zombie (Crypt:2)
  18 kobolds
  A quokka skeleton (D:8)
  A quokka zombie (Crypt:2)
  4 rats
  14 briar patches (Swamp:1)
  5 crawling corpses (Elf:3)
  2 starspawn tentacles (Abyss:2)
  A tentacle (Hell)
3059 creatures vanquished.

Vanquished Creatures (collateral kills)
  A pandemonium lord (Pan)
  2 deep elf blademasters
  A deep elf master archer (Elf:3)
  A shadow dragon (Zot:1)
  A draconian monk (Depths:5)
  A balrug (Hell)
  A cacodemon (Depths:5)
  A reaper (Hell)
  2 large abominations
  A stone giant (Depths:2)
  A deep elf annihilator (Elf:3)
  A bunyip (Swamp:2)
  3 lorocyprocas
  2 deep elf death magi (Elf:3)
  A green death (Pan)
  A blizzard demon (Pan)
  5 hell beasts (Pan)
  A hell hog (Hell)
  2 naga sharpshooters (Snake:4)
  4 sun demons
  2 deep trolls
  A deep elf archer (Elf:3)
  A swamp dragon (Swamp:2)
  A rust devil (Depths:5)
  3 smoke demons (Pan)
  A hellion (Pan)
  4 orange demons
  A freezing wraith (Depths:5)
  A demonic crawler (Pan)
  An ancient zyme (Abyss:2)
  A raiju (Abyss:3)
  A ynoxinul (Pan)
  3 nagas (Snake:4)
  A black bear (Snake:4)
  3 iron imps
58 creatures vanquished.

Vanquished Creatures (others)
  A tentacled monstrosity (Vaults:4)
  A nagaraja (Snake:4)
  A blood saint (Pan)
  An ironheart preserver (Vaults:3)
  A deep elf annihilator (Elf:3)
  A vault guard (Vaults:3)
  An alligator (Swamp:4)
  A tengu warrior (Depths:4)
  A deep elf knight (Elf:1)
  A hell knight (Depths:5)
  A swamp dragon (Swamp:4)
  A deep troll (Depths:4)
  An orc knight (Vaults:1)
  2 cyclopes
  A yaktaur (Vaults:3)
  A raiju (Abyss:3)
  A ynoxinul (Abyss:2)
  A human (D:13)
  2 orc wizards (Vaults:2)
  2 orcs
  2 kobolds (D:14)
  A bush (Swamp:4)
  4 foxfires (Swamp:4)
  63 fungi
  89 plants
  8 starspawn tentacles (Abyss:2)
  3 tentacles (Hell)
  4 withered plants (Gauntlet)
197 creatures vanquished.

Grand Total: 3314 creatures vanquished

Notes
Turn   | Place    | Note
-------+----------+-------------------------------------------
     0 | D:1      | miscthings the Kobold Berserker began the quest for the
                  | Orb.
     0 | D:1      | Reached XP level 1. HP: 14/14 MP: 1/1
    84 | D:1      | Reached XP level 2. HP: 19/19 MP: 2/2
   224 | D:1      | Reached skill level 5 in Short Blades
   274 | D:1      | Reached XP level 3. HP: 23/23 MP: 3/3
  1265 | D:2      | Noticed Terence
  1269 | D:2      | Killed Terence
  1269 | D:2      | Reached ** piety under Trog
  1269 | D:2      | Reached XP level 4. HP: 28/28 MP: 4/4
  1626 | D:3      | Found a runed translucent gate.
  1627 | D:3      | Found a runed translucent gate.
  1628 | D:3      | Found a runed translucent gate.
  1628 | D:3      | Noticed snetch's ghost (weakling HOMo)
  1781 | D:3      | Reached XP level 5. HP: 21/32 MP: 5/5
  1804 | D:3      | HP: 2/48 [poisoned by a scorpion]
  1812 | D:3      | HP: 2/48 [poisoned by a scorpion]
  2400 | D:3      | Noticed a big kobold
  2402 | D:3      | Noticed a big kobold
  2880 | D:4      | Reached XP level 6. HP: 37/37 MP: 6/6
  3305 | D:4      | Noticed a phantom
  3306 | D:4      | Noticed an ogre
  3315 | D:4      | Killed an ogre
  3315 | D:4      | Reached XP level 7. HP: 41/41 MP: 7/7
  3330 | D:4      | Reached skill level 10 in Short Blades
  3330 | D:4      | Reached skill level 1 in Stealth
  3702 | D:4      | Found a runed translucent door.
  4061 | D:4      | Reached *** piety under Trog
  4278 | D:4      | Noticed Talea's ghost (amateur DsAK)
  4448 | D:4      | Reached XP level 8. HP: 48/48 MP: 8/8
  4525 | D:4      | Killed Talea's ghost
  4578 | D:5      | Entered Level 5 of the Dungeon
  4763 | D:5      | Noticed Grinder
  4786 | D:5      | Killed Grinder
  4786 | D:5      | Reached skill level 5 in Fighting
  4786 | D:5      | Reached skill level 5 in Dodging
  4786 | D:5      | Reached skill level 5 in Stealth
  5300 | D:5      | Found a sparkling altar of Nemelex Xobeh.
  5534 | D:6      | Reached XP level 9. HP: 55/55 MP: 9/9
  5804 | D:6      | Noticed Duvessa
  5810 | D:6      | Noticed Dowan
  5828 | D:6      | Killed Duvessa
  5853 | D:6      | Killed Dowan
  6796 | D:7      | Found a staircase to the Ecumenical Temple.
  6814 | D:7      | Reached **** piety under Trog
  6905 | D:7      | Reached XP level 10. HP: 64/64 MP: 10/10
  7044 | D:7      | Noticed Harold
  7081 | D:7      | Killed Harold
  7081 | D:7      | Reached skill level 10 in Stealth
  7167 | D:7      | Found a blossoming altar of Fedhas.
  7718 | Temple   | Entered the Ecumenical Temple
  8613 | D:9      | Reached ***** piety under Trog
  8796 | D:9      | Reached skill level 1 in Evocations
  9103 | D:9      | Reached XP level 11. HP: 33/71 MP: 11/11
  9306 | D:9      | Reached skill level 10 in Dodging
  9354 | D:9      | Noticed a cyclops
  9384 | D:9      | Noticed an unseen horror
  9429 | D:9      | Noticed Psyche
  9449 | D:9      | Killed Psyche
  9542 | D:9      | Killed an unseen horror
 10037 | D:9      | Found Uckeu's Assorted Antiques.
 10040 | D:9      | Bought a faintly glowing short sword for 240 gold pieces
 10040 | D:9      | Bought a scroll labelled POACSORAQA for 30 gold pieces
 10040 | D:9      | Bought 3 scrolls labelled ZEWU GOUCAENK for 90 gold pieces
 10040 | D:9      | Identified the +8 short sword of Zalymod {freeze, Str+6
                  | Dex+2 Stlth+} (You bought it in a shop on level 9 of the
                  | Dungeon)
 10214 | D:9      | Killed a cyclops
 10300 | D:9      | Got a faintly glowing plate armour
 10312 | D:9      | Identified the +10 plate armour of Laodehee {rC+ rN+ Str-2
                  | Dex+5} (You found it on level 9 of the Dungeon)
 10363 | D:10     | Entered Level 10 of the Dungeon
 10544 | D:10     | Found a portal to a secret trove of treasure.
 10716 | D:10     | Noticed a white ugly thing
 10729 | D:10     | Killed a white ugly thing
 10930 | D:10     | Noticed a two-headed ogre
 10936 | D:10     | Killed a two-headed ogre
 10936 | D:10     | Reached skill level 10 in Fighting
 11129 | D:11     | Reached skill level 1 in Shields
 11141 | D:11     | Found a frozen archway.
 11151 | D:11     | Reached XP level 12. HP: 67/77 MP: 12/12
 11162 | IceCv    | Entered an ice cave
 11191 | IceCv    | Reached skill level 5 in Evocations
 11727 | IceCv    | Noticed a frost giant
 11756 | IceCv    | Killed a frost giant
 12102 | D:11     | Noticed a two-headed ogre
 12108 | D:11     | Killed a two-headed ogre
 12231 | D:11     | Reached XP level 13. HP: 84/84 MP: 13/13
 12348 | D:11     | Found Yptesu's Antique Weapon Emporium.
 12736 | D:11     | Found a staircase to the Lair.
 12938 | D:11     | Bought a crystal falchion for 184 gold pieces
 12938 | D:11     | Identified the +4 falchion of Ose Ivuc {flame, *Drain Str+3
                  | SInv} (You bought it in a shop on level 11 of the Dungeon)
 13056 | D:12     | Noticed an eight-headed hydra
 13064 | D:12     | Killed an eight-headed hydra
 13066 | D:12     | Got a distressingly furry chain mail
 13107 | D:12     | Identified the cursed +0 chain mail of Instinct {Rampage
                  | Stlth+} (You found it on level 12 of the Dungeon)
 13203 | D:12     | Reached skill level 5 in Shields
 13228 | D:12     | Reached ****** piety under Trog
 13309 | D:12     | Found Taympof's Gadget Boutique.
 13506 | D:12     | Found a staircase to the Orcish Mines.
 13510 | D:12     | Noticed a boulder beetle
 13528 | D:12     | Killed a boulder beetle
 13602 | D:12     | Noticed a storm dragon
 13614 | D:12     | Killed a storm dragon
 13920 | Orc:1    | Entered Level 1 of the Orcish Mines
 13984 | Orc:1    | Noticed an ettin
 13992 | Orc:1    | Killed an ettin
 14154 | Orc:2    | Entered Level 2 of the Orcish Mines
 14813 | Orc:2    | Reached skill level 5 in Armour
 14814 | Orc:2    | Found a burning altar of Makhleb.
 14836 | Orc:2    | Found a staircase to the Elven Halls.
 15055 | Orc:2    | Found Winnam's Antique Weapon Boutique.
 15153 | Orc:2    | Reached XP level 14. HP: 91/91 MP: 14/14
 15203 | Orc:2    | Received a gift from Trog
 15585 | Orc:2    | Found Jiuczal's Book Boutique.
 15585 | Orc:2    | Found Apauhof's General Store.
 15593 | Orc:2    | Found Waux's Armour Shoppe.
 15595 | Orc:2    | Found Ujem's Distillery.
 15598 | Orc:2    | Bought the +3 warlock's mirror {reflect} for 680 gold
                  | pieces
 15598 | Orc:2    | Found the +3 warlock's mirror {reflect}
 15845 | D:9      | Bought a polished hand crossbow for 255 gold pieces
 15845 | D:9      | Identified the +5 hand crossbow of Urphoy {penet, +Fly rF+}
                  | (You bought it in a shop on level 9 of the Dungeon)
 15929 | Lair:1   | Entered Level 1 of the Lair of Beasts
 15942 | Lair:1   | Found a burning altar of Makhleb.
 16186 | Lair:1   | Reached skill level 1 in Crossbows
 16307 | Lair:1   | Gained mutation: You are resistant to electric shocks.
                  | (rElec) [potion of mutation]
 16307 | Lair:1   | Gained mutation: You are surrounded by a mild repulsion
                  | field. (EV +2) [potion of mutation]
 16307 | Lair:1   | Gained mutation: You have sharp toenails. [potion of
                  | mutation]
 16413 | Lair:1   | Reached skill level 1 in Throwing
 16422 | Lair:1   | Reached skill level 2 in Crossbows
 17154 | Lair:2   | Found a gate leading to a gauntlet.
 17163 | Gauntlet | Entered a Gauntlet
 17163 | Gauntlet | Found a transporter.
 17163 | Gauntlet | Found a transporter.
 17184 | Gauntlet | Found a transporter.
 17189 | Gauntlet | Found a transporter.
 17200 | Gauntlet | Noticed a dire elephant
 17210 | Gauntlet | Found a transporter.
 17220 | Gauntlet | Found a transporter.
 17308 | Gauntlet | Found a transporter.
 17316 | Gauntlet | Found a transporter.
 17338 | Gauntlet | Found a transporter.
 17346 | Gauntlet | Found a transporter.
 17433 | Gauntlet | Found a transporter.
 17444 | Gauntlet | Noticed a reaper
 17455 | Gauntlet | Found a transporter.
 17464 | Gauntlet | Found a transporter.
 17464 | Gauntlet | Found a transporter.
 17467 | Gauntlet | Found a transporter.
 17517 | Gauntlet | Found a transporter.
 17627 | Gauntlet | Reached skill level 3 in Crossbows
 17670 | Gauntlet | Got a pair of ancient gloves
 17682 | Gauntlet | Identified the +1 pair of gloves of the Goldsmith {MR+}
                  | (You found it in a Gauntlet)
 17727 | Gauntlet | Identified the Papyrus of Transmigration and Poison
 17738 | Gauntlet | Got a pair of slimy gloves
 17750 | Gauntlet | Identified the +0 pair of gloves of Neytykudu {Harm *Drain
                  | +Fly} (You found it in a Gauntlet)
 17765 | Gauntlet | Noticed a minotaur
 17779 | Gauntlet | Killed a minotaur
 18076 | Lair:2   | Received a gift from Trog
 18088 | Lair:2   | Reached skill level 4 in Crossbows
 18113 | Lair:2   | Reached skill level 15 in Stealth
 18212 | Lair:2   | Found a staircase to the Snake Pit.
 18959 | Lair:3   | Reached skill level 5 in Crossbows
 19061 | Lair:3   | Reached XP level 15. HP: 97/97 MP: 15/15
 19386 | Lair:3   | Received a gift from Trog
 19505 | Lair:3   | Found a staircase to the Swamp.
 19553 | Lair:3   | Reached skill level 6 in Crossbows
 19661 | Lair:3   | Reached skill level 10 in Evocations
 20412 | Lair:4   | Reached skill level 7 in Crossbows
 20538 | Lair:4   | Identified the Incunabulum of Dislocated Contamination
 20809 | Lair:4   | Received a gift from Trog
 20992 | Lair:4   | Reached skill level 8 in Crossbows
 21996 | Lair:5   | Noticed Josephine
 22006 | Lair:5   | Killed Josephine
 22029 | Lair:5   | Found a snail-covered altar of Cheibriados.
 22605 | Lair:6   | Entered Level 6 of the Lair of Beasts
 22639 | Lair:6   | Reached skill level 9 in Crossbows
 22745 | Lair:6   | Reached XP level 16. HP: 104/104 MP: 16/16
 23251 | Lair:6   | Found a staircase to the Slime Pits.
 23251 | Lair:6   | Found a viscous altar of Jiyva.
 23374 | Lair:6   | Reached skill level 10 in Crossbows
 23895 | Lair:6   | Found a large runed translucent door.
 23895 | Lair:6   | Found a large runed translucent door.
 24505 | Orc:2    | Bought a potion of experience for 550 gold pieces
 24505 | Orc:2    | Bought a potion of might for 44 gold pieces
 24709 | Temple   | Fell from the grace of Trog
 24709 | Temple   | Became a worshipper of Dithmenos the Shadowed
 24710 | Temple   | Reached skill level 11 in Crossbows
 24710 | Temple   | Reached XP level 17. HP: 110/110 MP: 17/17
 24711 | Temple   | Reached XP level 18. HP: 116/116 MP: 18/18
 25552 | D:13     | Reached skill level 12 in Crossbows
 26209 | D:13     | Reached * piety under Dithmenos
 26391 | D:13     | Learned a level 2 spell: Ensorcelled Hibernation
 26699 | D:13     | Reached skill level 1 in Invocations
 26737 | D:13     | Reached skill level 1 in Hexes
 26737 | D:13     | Reached skill level 1 in Ice Magic
 26775 | D:13     | Reached skill level 1 in Spellcasting
 27054 | D:13     | Found a gate to the Vaults.
 27672 | D:14     | Reached ** piety under Dithmenos
 28807 | D:15     | Entered Level 15 of the Dungeon
 28880 | D:15     | Found a staircase to the Depths.
 29105 | D:15     | Reached XP level 19. HP: 122/122 MP: 23/23
 29156 | D:15     | Reached *** piety under Dithmenos
 29428 | D:15     | Reached skill level 5 in Invocations
 30495 | Snake:1  | Entered Level 1 of the Snake Pit
 30681 | Snake:1  | Noticed Azrael
 30684 | Snake:1  | Killed Azrael
 30848 | Snake:1  | Noticed Nikola
 30855 | Snake:1  | Killed Nikola
 31705 | Snake:2  | Reached skill level 5 in Spellcasting
 31748 | Snake:2  | Found Zomofaun's Jewellery Shop.
 31751 | Snake:2  | Found Reotremn's Distillery.
 31751 | Snake:2  | Found Juthruahe's Book Shop.
 32050 | Snake:2  | Identified the +11 falchion of a wizard's laboratory
                  | {protect, SInv}
 32515 | Snake:2  | Found Uviwait's Antique Armour Boutique.
 32529 | Snake:2  | Bought an uncursed amulet of guardian spirit for 330 gold
                  | pieces
 32857 | Snake:2  | Found Wonug's Mass Market.
 33071 | Snake:2  | Reached **** piety under Dithmenos
 33618 | Snake:3  | Reached skill level 10 in Invocations
 33650 | Snake:3  | Reached skill level 5 in Hexes
 34912 | Snake:3  | Reached XP level 20. HP: 121/128 MP: 29/31
 35567 | Snake:4  | Entered Level 4 of the Snake Pit
 35574 | Snake:4  | Identified the Reference Book on Dark Secrets and Creation
 36291 | Snake:4  | Reached skill level 13 in Crossbows
 36848 | Snake:4  | Reached skill level 14 in Crossbows
 37420 | Snake:4  | Reached ***** piety under Dithmenos
 37473 | Snake:4  | Reached skill level 15 in Crossbows
 37898 | Snake:4  | Got a serpentine rune of Zot
 38283 | Snake:4  | Reached skill level 16 in Crossbows
 39114 | Swamp:1  | Entered Level 1 of the Swamp
 39135 | Swamp:1  | Found a transporter.
 39333 | Swamp:1  | Found a transporter.
 39386 | Swamp:1  | Identified the +6 chain mail "Eczol" {Harm rN+++ rCorr
                  | Int-3} (You found it on level 1 of the Swamp)
 39412 | Swamp:1  | Reached XP level 21. HP: 132/132 MP: 34/34
 39818 | Swamp:1  | Reached skill level 17 in Crossbows
 39881 | Swamp:1  | Identified the +0 helmet "Wutuoser" {rPois rF- Str+3} (You
                  | found it on level 1 of the Swamp)
 39885 | Swamp:1  | Identified the ring "Jausugef" {Fire Dex+2} (You found it
                  | on level 1 of the Swamp)
 40311 | Swamp:2  | Identified the +7 short sword "Wenar" {holy, rC+ SInv} (You
                  | found it on level 2 of the Swamp)
 41217 | Swamp:3  | Reached skill level 18 in Crossbows
 41575 | Swamp:4  | Entered Level 4 of the Swamp
 41600 | Swamp:4  | Noticed Bai Suzhen
 41605 | Swamp:4  | Was forgiven by Trog
 42395 | Swamp:4  | Killed Bai Suzhen
 42395 | Swamp:4  | Reached skill level 19 in Crossbows
 42559 | Swamp:4  | Reached ****** piety under Dithmenos
 42814 | Swamp:4  | Got a decaying rune of Zot
 43314 | Elf:1    | Entered Level 1 of the Elven Halls
 43620 | Elf:1    | Reached skill level 20 in Crossbows
 44208 | Elf:1    | Reached XP level 22. HP: 120/138 MP: 30/35
 44625 | Elf:1    | Identified Utoefyirgh's Reference Book on Creative Combat
                  | Magic
 44998 | Elf:2    | Reached skill level 21 in Crossbows
 45145 | Elf:2    | Found a runed translucent gate.
 45145 | Elf:2    | Found a runed translucent gate.
 45145 | Elf:2    | Found a runed translucent gate.
 46046 | Elf:2    | Reached skill level 22 in Crossbows
 46256 | Elf:3    | Entered Level 3 of the Elven Halls
 46320 | Elf:3    | Noticed Roxanne
 46384 | Elf:3    | Killed Roxanne
 47002 | Elf:3    | Reached skill level 23 in Crossbows
 47021 | Elf:3    | Noticed Louise
 47094 | Elf:3    | Identified the cursed +0 war axe "Utuggufen" {protect,
                  | *Drain rF+ Str+4}
 47094 | Elf:3    | Identified the amulet "Kerirucs" {Spirit MP+9 Int+3}
 47169 | Elf:3    | Identified the ring of Syeweuva {+Fly rN+ Str+7 Int+3}
 47177 | Elf:3    | Reached XP level 23. HP: 140/143 MP: 36/36
 47643 | Elf:3    | Identified a scroll of acquirement
 47649 | Elf:3    | Acquired the amulet "Fizaco Mota" {Reflect +Blink +Inv
                  | SH+5}
 47835 | Elf:3    | Identified the ring "Poigg" {Wiz Str+3}
 47847 | Elf:3    | Reached skill level 24 in Crossbows
 47853 | Elf:3    | Killed Louise
 47865 | Elf:3    | Learned a level 3 spell: Portal Projectile
 47871 | Elf:3    | Killed the ghostly Louise
 47998 | Elf:3    | Identified the Grimoire of the Voyage
 48089 | Elf:3    | Identified the Guide on the Quantum Glacier
 48132 | Elf:3    | Got a dazzling arbalest
 48138 | Elf:3    | Identified the +2 arbalest of Anxiety {flame, *Slow rF++
                  | Int+5} (You found it on level 3 of the Elven Halls)
 48487 | Orc:2    | Bought a runed triple crossbow for 533 gold pieces
 48968 | Vaults:1 | Entered Level 1 of the Vaults
 49291 | Vaults:1 | You fall into a shaft and drop 1 floor!
 49432 | Vaults:2 | Reached skill level 25 in Crossbows
 50936 | Vaults:1 | You fall into a shaft and drop 1 floor!
 51108 | Vaults:2 | Reached XP level 24. HP: 148/148 MP: 35/36
 51110 | Vaults:2 | Reached skill level 26 in Crossbows
 51155 | Vaults:2 | Identified the +3 scale mail of Paigot {rElec rPois Slay+2}
                  | (You found it on level 2 of the Vaults)
 51326 | Vaults:2 | Paralysed by an ogre mage for 5 turns
 51662 | Vaults:2 | Gained mutation: Your magical capacity is low. (-10% MP)
                  | [mutagenic glow]
 52014 | Vaults:2 | Found Qoteg's Armour Emporium.
 52209 | Snake:2  | Bought a warped ring mail for 252 gold pieces
 52209 | Snake:2  | Identified the cursed +0 ring mail of Gravitas {Harm rF+
                  | Str+4} (You bought it in a shop on level 2 of the Snake
                  | Pit)
 52213 | Snake:2  | Bought a smoking plate armour for 784 gold pieces
 52213 | Snake:2  | Identified the cursed +0 plate armour "Akko" {rElec rC-
                  | MR+++ Slay-4} (You bought it in a shop on level 2 of the
                  | Snake Pit)
 52217 | Snake:2  | Bought a glowing helmet for 210 gold pieces
 52239 | Snake:2  | Bought a potion of haste for 140 gold pieces
 52994 | Vaults:2 | Reached skill level 15 in Dodging
 53909 | Vaults:3 | Found Ymad's Antique Armour Shop.
 53972 | Vaults:3 | Reached skill level 15 in Fighting
 54211 | Vaults:3 | You fall into a shaft and drop 1 floor!
 54869 | Vaults:4 | Found a transporter.
 54920 | Vaults:4 | Found a transporter.
 54936 | Vaults:4 | Found a transporter.
 54937 | Vaults:4 | Found a transporter.
 55182 | Vaults:4 | Reached XP level 25. HP: 154/156 MP: 30/32
 55590 | Vaults:3 | Identified the +6 scale mail of Quw Wiud {rPois Str+3
                  | Stlth+} (You found it on level 3 of the Vaults)
 55684 | Vaults:3 | Learned a level 8 spell: Necromutation
 55693 | Vaults:3 | Learned a level 8 spell: Borgnjor's Revivification
 55703 | Vaults:3 | Learned a level 9 spell: Death's Door
 55713 | Vaults:3 | Learned a level 8 spell: Infestation
 55718 | Vaults:3 | Learned a level 4 spell: Passage of Golubria
 56349 | Vaults:3 | Found a staircase to the Crypt.
 56543 | Vaults:4 | Found a transporter.
 57054 | Vaults:4 | Identified the amulet "Wiezxuak" {Acrobat Dex+5} (You found
                  | it on level 4 of the Vaults)
 57511 | Slime:1  | Entered Level 1 of the Pits of Slime
 57542 | Slime:1  | Reached skill level 1 in Necromancy
 57548 | Slime:1  | Reached skill level 1 in Transmutations
 57848 | Slime:2  | Reached skill level 1 in Translocations
 57853 | Slime:2  | Gained mutation: Your body sometimes deteriorates upon
                  | taking damage. [a shining eye]
 58215 | Slime:5  | Entered Level 5 of the Pits of Slime
 58485 | Slime:5  | Paralysed by a floating eye for 2 turns
 58580 | Slime:5  | Paralysed by a great orb of eyes for 5 turns
 58844 | Slime:5  | Reached XP level 26. HP: 163/163 MP: 32/32
 58891 | Slime:5  | Noticed the Royal Jelly
 59230 | Slime:5  | Killed the Royal Jelly
 59462 | Slime:5  | Got a slimy rune of Zot
 59508 | Slime:5  | Identified the ring of Xien {EV+4 SInv} (You found it on
                  | level 5 of the Pits of Slime)
 59523 | Slime:5  | Found the +6 lightning scales {run, rElec}
 59542 | Slime:5  | Identified the +1 leather armour of Love and Death {Dex+6}
                  | (You found it on level 5 of the Pits of Slime)
 59544 | Slime:5  | Identified the +5 chain mail "Muenal" {Int+3} (You found it
                  | on level 5 of the Pits of Slime)
 59594 | Slime:5  | Identified the +0 scimitar of Sin {freeze, *Rage rElec rF+}
                  | (You found it on level 5 of the Pits of Slime)
 60133 | Depths:1 | Entered Level 1 of the Depths
 60247 | Depths:1 | Found Jiatoegi's Antique Armour Shop.
 60269 | Depths:1 | Found a gateway to Hell.
 60572 | Depths:1 | Found the ring of Robustness {AC+8}
 60662 | Depths:1 | Reached skill level 10 in Spellcasting
 60844 | Depths:1 | Found a one-way gate to the infinite horrors of the Abyss.
 60940 | Depths:1 | Reached skill level 10 in Armour
 61499 | Depths:2 | Found a one-way gate leading to the halls of Pandemonium.
 61648 | Depths:2 | Noticed a juggernaut
 61654 | Depths:2 | Killed a juggernaut
 61949 | Depths:2 | Reached skill level 5 in Necromancy
 61954 | Depths:2 | Reached skill level 5 in Translocations
 62437 | Depths:2 | Reached skill level 15 in Evocations
 62441 | Depths:2 | Reached skill level 5 in Transmutations
 62574 | Depths:2 | Reached XP level 27. HP: 170/170 MP: 33/33
 62883 | Depths:2 | Found Qehedur's Armour Shop.
 62953 | Depths:2 | Identified the Grimoire of Floating Displacement
 63038 | Depths:2 | Identified the +0 leather armour "Ygan" {-Tele Harm
                  | Rampage} (You found it on level 2 of the Depths)
 63412 | Depths:3 | Noticed a greater mummy
 63415 | Depths:3 | Killed a greater mummy
 63509 | Depths:3 | Identified the Incunabulum of Earthen Ignition
 63517 | Depths:3 | Noticed a greater mummy
 63523 | Depths:3 | Killed a greater mummy
 64065 | Depths:3 | Identified the +2 kite shield "Lisoc" {+Inv rC+ SInv}
 64065 | Depths:3 | Noticed Asterion
 64074 | Depths:3 | Killed Asterion
 64178 | Depths:3 | Found a gateway to a ziggurat.
 64704 | Depths:4 | Paralysed by a vampire knight for 2 turns
 66332 | Depths:4 | Identified the cursed +1 chain mail "Ygeh" {Rampage} (You
                  | found it on level 4 of the Depths)
 66361 | Depths:5 | Entered Level 5 of the Depths
 66648 | Depths:5 | Found the +2 robe of Vines {NoPotionHeal Regen+7}
 68562 | Depths:5 | Found a gate to the Realm of Zot.
 69029 | Depths:4 | Voluntarily entered the Abyss.
 69905 | Abyss:2  | Reached skill level 10 in Necromancy
 69994 | Abyss:3  | Gained mutation: Your magical capacity is very low. (-20%
                  | MP) [a neqoxec]
 70003 | Abyss:3  | Gained mutation: Armour fits poorly on your strangely
                  | shaped body. [a neqoxec]
 70007 | Abyss:3  | Reached skill level 10 in Transmutations
 70050 | Abyss:3  | Learned a level 1 spell: Apportation
 70057 | Abyss:3  | Gained mutation: You are frail. (-10% HP) [a neqoxec]
 70076 | Abyss:3  | Got an abyssal rune of Zot
 70098 | Depths:4 | Escaped the Abyss
 70101 | Depths:4 | Lost mutation: You are frail. (-10% HP) [potion of
                  | mutation]
 70101 | Depths:4 | Lost mutation: You are resistant to electric shocks.
                  | (rElec) [potion of mutation]
 70101 | Depths:4 | Lost mutation: Your magical capacity is very low. (-20% MP)
                  | [potion of mutation]
 70101 | Depths:4 | Gained mutation: You have a pair of small horns on your
                  | head. [potion of mutation]
 70102 | Depths:4 | Lost mutation: Your magical capacity is low. (-10% MP)
                  | [potion of mutation]
 70102 | Depths:4 | Lost mutation: Armour fits poorly on your strangely shaped
                  | body. [potion of mutation]
 70102 | Depths:4 | Lost mutation: You are surrounded by a mild repulsion
                  | field. (EV +2) [potion of mutation]
 70102 | Depths:4 | Lost mutation: You have sharp toenails. [potion of
                  | mutation]
 70102 | Depths:4 | Gained mutation: Your mind is acute. (Int +2) [potion of
                  | mutation]
 70102 | Depths:4 | Gained mutation: Your muscles are strong. (Str +2) [potion
                  | of mutation]
 70103 | Depths:4 | Lost mutation: You have a pair of small horns on your head.
                  | [potion of mutation]
 70103 | Depths:4 | Lost mutation: Your mind is acute. (Int +2) [potion of
                  | mutation]
 70103 | Depths:4 | Gained mutation: You occasionally shout uncontrollably at
                  | your foes. [potion of mutation]
 70103 | Depths:4 | Gained mutation: Your body often deteriorates upon taking
                  | damage. [potion of mutation]
 70103 | Depths:4 | Gained mutation: Your muscles are very strong. (Str +4)
                  | [potion of mutation]
 70103 | Depths:4 | Gained mutation: You are partially covered in yellow
                  | scales. (AC +2) [potion of mutation]
 70109 | Depths:4 | Lost mutation: You occasionally shout uncontrollably at
                  | your foes. [potion of mutation]
 70109 | Depths:4 | Lost mutation: Your muscles are very strong. (Str +4)
                  | [potion of mutation]
 70109 | Depths:4 | Lost mutation: Your muscles are strong. (Str +2) [potion of
                  | mutation]
 70109 | Depths:4 | Lost mutation: Your body often deteriorates upon taking
                  | damage. [potion of mutation]
 70109 | Depths:4 | Gained mutation: You are partially covered in iridescent
                  | scales. (AC +2) [potion of mutation]
 70109 | Depths:4 | Gained mutation: You are resistant to hostile enchantments.
                  | (MR+) [potion of mutation]
 70120 | Depths:4 | Learned a level 8 spell: Ignition
 70347 | Crypt:1  | Entered Level 1 of the Crypt
 70474 | Crypt:1  | Noticed Aizul
 70481 | Crypt:1  | Killed Aizul
 70577 | Crypt:1  | Noticed Boris
 70583 | Crypt:1  | Killed Boris
 70855 | Crypt:1  | Found a runed translucent door.
 70865 | Crypt:1  | Noticed Hynnuzim's ghost (veteran CeHu)
 71388 | Crypt:1  | Killed Hynnuzim's ghost
 71405 | Crypt:1  | Identified the Almanac of Contamination
 71605 | Crypt:2  | Noticed Margery
 71623 | Crypt:2  | Killed Margery
 72536 | Crypt:2  | Noticed Jory
 72545 | Crypt:2  | Killed Jory
 72576 | Crypt:2  | Found a basalt altar of Yredelemnul.
 72663 | Crypt:3  | Entered Level 3 of the Crypt
 72855 | Crypt:3  | Found an ancient bone altar of Kikubaaqudgha.
 73729 | Crypt:3  | Found a staircase to the Tomb.
 73855 | Crypt:3  | Got a sparkling granite ring
 73856 | Crypt:3  | Identified the ring "Caytwyrual" {+Fly Int+5} (You found it
                  | on level 3 of the Crypt)
 74251 | Swamp:1  | Reached skill level 15 in Necromancy
 74619 | D:10     | You paid a toll of +4 storm dragon scales to enter a
                  | treasure trove
 74620 | Trove    | Entered a treasure trove
 75101 | Zot:1    | Entered Level 1 of the Realm of Zot
 75187 | Zot:1    | You fall into a shaft and drop 1 floor!
 75271 | Depths:5 | Learned a level 4 spell: Leda's Liquefaction
 75464 | Zot:1    | Reached skill level 1 in Earth Magic
 76389 | Zot:2    | Identified the Handbook of Congealing Contamination
 78989 | Hell     | Entered the Vestibule of Hell
 78992 | Hell     | Noticed Geryon
 79334 | Hell     | Killed Geryon
 79472 | Hell     | Found a gateway to the decaying netherworld of Tartarus.
 79733 | Hell     | Found a gateway to the Iron City of Dis.
 79769 | Hell     | Found a gateway to the ashen valley of Gehenna.
 79948 | Hell     | Found a gateway to the freezing wastes of Cocytus.
 80300 | Vaults:3 | Bought translucent steam dragon scales for 2160 gold pieces
 80300 | Vaults:3 | Identified the cursed +0 steam dragon scales "Fuhos"
                  | {Str+4} (You bought it in a shop on level 3 of the Vaults)
 80494 | Pan      | Entered Pandemonium
 80623 | Pan      | Reached skill level 15 in Transmutations
 80651 | Pan      | Identified the +0 kite shield of Jixto {SInv} (You found it
                  | in Pandemonium)
 80895 | Pan      | Noticed Qepoit the pandemonium lord
 80912 | Pan      | Killed Qepoit the pandemonium lord
 81654 | Pan      | Reached skill level 1 in Fire Magic
 81660 | Pan      | Noticed Inemogoi the pandemonium lord
 81670 | Pan      | Killed Inemogoi the pandemonium lord
 81682 | Pan      | Reached skill level 5 in Fire Magic
 82330 | Pan      | Identified the +5 pair of boots of Dawn {Harm rElec} (You
                  | found it in Pandemonium)
 82556 | Pan      | Reached skill level 10 in Fire Magic
 82708 | Pan      | Found a runed translucent door.
 82710 | Pan      | Acquired an uncursed staff of fire
 83964 | Pan      | Noticed Umpoocw the pandemonium lord
 83978 | Pan      | Killed Umpoocw the pandemonium lord
 84032 | Pan      | Upgraded the game from 0.26-a0-812-g31a745ddcd to
                  | 0.26-a0-818-g75db068ed4
 84168 | Pan      | Noticed Plog the pandemonium lord
 84175 | Pan      | HP: 3/173 [Plog the pandemonium lord/great icy blast (34)]
 84175 | Pan      | Killed from afar by Plog the pandemonium lord

Illustrated notes

Levels and vault maps discovered:
D:1:      dpeg_arrival_line_fractal, layout_loops_corners
D:2:      minmay_wonky_spiral, layout_basic, minmay_pentomino_v2, uniq_terence
D:3:      layout_loops_ring, gammafunk_ghost_nasty_kobolds
D:4:      layout_cave_pools, ebering_ghost_sewer_d,
          chequers_serial_rivers_small_3
D:5:      layout_rooms, nemelex_dance_club_becter, uniq_grinder
D:6:      layout_basic, uniq_duvessa
D:7:      layout_rooms, lemuel_doored_altar, minmay_temple_entry_from_below_a,
          uniq_harold
D:8:      minmay_opposing_rooms, layout_cave_pools, kennysheep_generic_room_13
D:9:      layout_roguey, serial_shops, kennysheep_mini, minmay_diamond_spiral,
          uniq_psyche
D:10:     layout_gridville, nicolae_trove_entry_columns
D:11:     layout_loops_cross, grunt_lair_entry_orc_guard_hut,
          portal_ice_cave_rime, serial_shops, shop
D:12:     layout_long_grid, orc_0_dummy, serial_shops, nicolae_shop_trees,
          kennysheep_just_a_vault
D:13:     layout_cross, ximxim_vaults_locker_room, minmay_orc_keep
D:14:     layout_rooms, minivault_24
D:15:     gammafunk_depths_entry_grave, layout_cave_pods, serial_park_avenue1
Temple:   nicolae_temple_the_god_donut
Lair:1:   layout_roguey, basic_altar, beast_lair_carwin_4,
          infiniplex_staircase_pool_2, lemuel_fruit_tree, grunt_megastairs_5
Lair:2:   wad_woods_pond, layout_regular_city, minmay_snake_entry_six_corridors,
          gauntlet_entry_generic
Lair:3:   regret_index_bee_streams, layout_regular_city, swamp_mist,
          beast_lair_carwin_8, serial_bayou_shore_a
Lair:4:   layout_regular_city, grunt_forest_large_clearings
Lair:5:   layout_concentric_octagons, basic_altar,
          chequers_serial_rivers_micro_c, beast_lair_carwin_2, uniq_josephine
Lair:6:   cheibrodos_lair_end_hotspot, layout_hall_layers, slime_altar_1,
          minmay_another_anthill
Swamp:1:  gammafunk_worm_tunnel, layout_basic_swamp,
          nicolae_swamp_dense_foliage, swamp_pool4
Swamp:2:  layout_falls_marsh, evilmike_swamp_ruin_rubble_2, swamp_pool3
Swamp:3:  layout_basic_swamp, nicolae_swamp_rocky_clearing, swamp_pool2
Swamp:4:  grunt_swamp_rune_castle, layout_basic_swamp, swamp_pool3,
          uniq_bai_suzhen
Snake:1:  layout_layer_cave, uniq_nikola, uniq_azrael
Snake:2:  layout_chambers, minmay_shop_mass, minmay_shoptagon
Snake:3:  layout_chambers, grunt_megastairs_2
Snake:4:  grunt_snake_rune_spirals, layout_onion, grunt_ministairs_6
Slime:1:  layout_caves, nicolae_slime_barrier
Slime:2:  layout_caves
Slime:3:  layout_caves, cheibrodos_slime_lost_civilization_5
Slime:4:  layout_caves
Slime:5
Orc:1:    layout_diamond_mine
Orc:2:    st_orc_elflike, layout_diamond_mine, basic_altar, serial_shops, shop
Elf:1:    elf_arrival_001, layout_loops_corners, minmay_elf_sorcery,
          kilobyte_rumbling_trees
Elf:2:    layout_geoelf_diagonals
Elf:3:    elf_hall, layout_loops_cross, st_stairs_14, uniq_louise, uniq_roxanne
Vaults:1: grunt_vaults_twisty, v_misc_26, ontoclasm_vaults_chip, v_misc_28,
          vaults_room_guarded_vault, ontoclasm_vaults_pinch,
          grunt_vaults_hallway_short, vaults_mumra_chevron_long,
          vaults_mumra_hex, v_misc_22, vaults_room_pool, hangedman_vaults_trim,
          layout_vaults_omnigrid
Vaults:2: nicolae_vaults_little_squares_2, vaults_dpeg_encased_lava,
          hangedman_vaults_capsules, nicolae_vaults_yaktaur_gun_rack,
          vaults_standard_mumra_x, ontoclasm_vaults_decontamination,
          ontoclasm_vaults_eye, v_misc_2, hangedman_vaults_hat,
          vaults_room_large_hall, vaults_room_octagon,
          ontoclasm_vaults_ligature, nicolae_vaults_angled_halls,
          vaults_room_mumra_shop_pool, vaults_room_semicircle,
          layout_vaults_ring
Vaults:3: vaults_dpeg_cross, blue_anna_dwarven_crypt,
          vaults_standard_mumra_lines, st_octagons_2,
          nicolae_vaults_network_quinsquares
          [nicolae_vaults_network_quincunx_subvault,
          nicolae_vaults_network_quincunx_subvault,
          nicolae_vaults_network_quincunx_subvault,
          nicolae_vaults_network_quincunx_subvault], nicolae_vaults_asterisk,
          ontoclasm_vaults_spin, v_pattern_4, v_misc_12, vaults_room_large_hall,
          layout_vaults_omnibox, serial_shops, nicolae_shop_trees
Vaults:4: gammafunk_the_bubble [the_bubble_gammafunk_roulette],
          nicolae_vaults_little_squares_3, v_misc_2, v_pattern_1,
          ontoclasm_vaults_fault, nicolae_vaults_what_the_h, vaults_dpeg_ring,
          v_alt_pattern_3, hangedman_vaults_locks, vaults_dpeg_diagonal,
          vaults_room_stairs_pillars, ontoclasm_vaults_loading_screen,
          layout_vaults_omnicross
Crypt:1:  layout_gridlike, ebering_ghost_reflecting_pool, uniq_aizul, uniq_boris
Crypt:2:  lemuel_vampire_tower, layout_misc_corridors, uniq_margery
Crypt:3:  grunt_crypt_end_deaths_head
Depths:1: layout_basic, hell_entry, minmay_room_of_horrors,
          minmay_guarded_unrand_robustness, minmay_shop_star, grunt_megastairs_3
Depths:2: grunt_x_marks_the_spot, layout_cave_pools, pan_entry, hellmouth_1,
          serial_shops, nicolae_shop_statue_plus, serial_column_ruins,
          column_ruins_hut, column_ruins_open_tiny,
          column_ruins_columns_dead_end, column_ruins_open_small,
          column_ruins_open_small, column_ruins_grid_3,
          serial_sigils_hangedman_quiver, infiniplex_staircase_door_maze,
          serial_bayou_shore_b
Depths:3: ragdoll_tomb_raider, layout_cave_shapes, enter_ziggurat_a,
          grunt_pan_entry_in_and_out, hell_entry, uniq_asterion
Depths:4: minmay_triangles_in_corner, layout_cave_pools, hell_entry,
          abyss_entry_small_statue_room, minmay_misc_feat_secret_circle,
          drop_trap, serial_bayou_shore_b, uniq_jory
Depths:5: lemuel_castle_with_subvaults [lemuel_castle_interior_carwin_1],
          layout_gridlike, hangedman_tar_grid_catacomb, minmay_misc_feat_hallway
Hell
Zot:1:    layout_twisted_circle
Zot:2:    layout_gridville, grunt_ministairs_7
Zot:3:    layout_twisted_circle
Zot:4:    layout_basic
Pan:      evilmike_mini_pan_layers, layout_grid_shapes, special_room
          [special_room_demon_pit], grunt_pan_spiral, layout_irregular_city,
          nicolae_pan_sigil_obb, rand_demon_9, layout_chambers,
          nicolae_pan_diamonds, layout_gridville

Skill      XL: |  1  2  3  4  5  6  7  8  9 10 11 12 13 14 15 16 17 18 19 20 21 22 23 24 25 26 27 |
---------------+----------------------------------------------------------------------------------+-----
Short Blades   | 5 6 7 8 9 10 12 | 12.0
Stealth        | 3 6 8 11 12 13 14 15 16 18 19 20 | 20.0
Dodging        | 3 5 7 9 10 11 12 13 14 15 16 17 19 | 19.1
Fighting       | 4 5 7 9 10 11 12 13 14 15 16 18 | 18.0
Evocations     | 2 4 6 8 9 10 11 13 14 15 | 15.0
Shields        | 1 4 5 |  5.6
Armour         | 2 3 5 6 7 8 9 10 12 | 12.0
Crossbows      | 5 9 11 12 16 20 23 25 26 | 26.0
Throwing       | 3 4 |  4.0
Invocations    | 3 10 | 10.0
Hexes          | 3 5 7 |  7.0
Ice Magic      | 3 4 |  4.0
Spellcasting   | 3 7 9 10 14 | 14.0
Necromancy     | 2 5 20 | 20.0
Transmutations | 2 5 15 | 15.0
Translocations | 2 5 6 |  6.0
Earth Magic    | 4 |  4.0
Fire Magic     | 13 | 13.8

Action                   |  1- 3 |  4- 6 |  7- 9 | 10-12 | 13-15 | 16-18 | 19-21 | 22-24 | 25-27 || total
-------------------------+-------+-------+-------+-------+-------+-------+-------+-------+-------++-------
Melee: Short sword       |    52 |       |       |   431 |  1554 |  1234 |  3001 |   955 |   260 ||  7487
       Dagger            |    23 |   124 |   374 |   443 |       |       |       |       |       ||   964
       Hand crossbow     |       |       |       |       |       |       |     1 |       |       ||     1
       Triple crossbow   |       |       |       |       |       |       |       |       |     3 ||     3
 Fire: Hand crossbow     |       |       |       |       |       |       |    98 |   213 |       ||   311
       Triple crossbow   |       |       |       |       |       |       |       |   277 |  2979 ||  3256
Throw: Dart              |       |       |       |       |       |       |    24 |     1 |       ||    25
       Throwing net      |       |       |       |       |       |       |       |       |     2 ||     2
 Cast: Ensorcelled Hiber |       |       |       |       |       |       |     1 |     1 |       ||     2
       Portal Projectile |       |       |       |       |       |       |       |     1 |    18 ||    19
       Necromutation     |       |       |       |       |       |       |       |       |    19 ||    19
       Infestation       |       |       |       |       |       |       |       |       |    11 ||    11
       Leda's Liquefacti |       |       |       |       |       |       |       |       |     2 ||     2
       Apportation       |       |       |       |       |       |       |       |       |     1 ||     1
       Passage of Golubr |       |       |       |       |       |       |       |       |     1 ||     1
Invok: Berserk           |     2 |     6 |    14 |    23 |    29 |     6 |       |       |       ||    80
       Trog's Hand       |       |       |     1 |     2 |     1 |       |       |       |       ||     4
       Brothers in Arms  |       |       |       |     1 |       |       |       |       |       ||     1
       Shadow Step       |       |       |       |       |       |       |     6 |     2 |     1 ||     9
 Abil: Evoke Invisibilit |       |       |       |       |       |       |       |    23 |    26 ||    49
       End Transformatio |       |       |       |       |       |       |       |       |     1 ||     1
Evoke: Wand              |       |       |       |     1 |     4 |    11 |    56 |    11 |    17 ||   100
       Lightning rod     |       |       |       |       |     2 |     6 |     7 |     6 |       ||    21
       Phial of floods   |       |       |       |       |       |     2 |     1 |     3 |       ||     6
       Box of beasts     |       |       |       |       |       |       |       |     4 |     6 ||    10
       Tin of tremorston |       |       |       |       |       |       |       |     2 |     2 ||     4
       Condenser vane    |       |       |       |       |       |       |       |       |     4 ||     4
       Horn of Geryon    |       |       |       |       |       |       |       |       |     2 ||     2
  Use: Potion            |       |     2 |     1 |     3 |     1 |     2 |     3 |     3 |    12 ||    27
       Scroll            |       |       |    19 |     9 |    11 |     2 |    16 |    13 |    24 ||    94
 Stab: Sleeping          |    12 |    10 |    20 |    29 |    62 |    38 |    91 |    71 |    21 ||   354
       Distracted        |       |       |     1 |     4 |     9 |     5 |    19 |     5 |       ||    43
       Petrifying        |       |       |       |       |     2 |       |       |       |       ||     2
       Paralysed         |       |       |       |       |     1 |     2 |     4 |       |       ||     7
       Invisible         |       |       |       |       |       |       |       |    78 |    42 ||   120
Armor: Animal skin       |     5 |     8 |    11 |    14 |       |       |       |       |       ||    38
       Skin              |       |       |    17 |    10 |       |       |       |       |       ||    27
       Plate armour      |       |       |       |   103 |   224 |   177 |   509 |   243 |    43 ||  1299
       Fire dragon scale |       |       |       |       |       |       |     3 |       |       ||     3
       Chain mail        |       |       |       |       |       |       |       |       |    51 ||    51
       Scale mail        |       |       |       |       |       |       |       |       |    85 ||    85
       Robe              |       |       |       |       |       |       |       |       |   237 ||   237
Dodge: Dodged            |    40 |    45 |   138 |   478 |   625 |   604 |  1872 |   641 |  2118 ||  6561
Block: Buckler           |       |       |       |   131 |   449 |   400 |  1107 |   181 |       ||  2268
       Reflection        |       |       |       |       |     4 |    14 |   118 |    39 |    11 ||   186
       Other             |       |       |       |       |       |       |       |    94 |   202 ||   296

Table legend: (Time is in decaauts)
 A = Elapsed time spent in this place.
 B = Non-inter-level travel time spent in this place.
 C = Inter-level travel time spent in this place.
 D = Time resting spent in this place.
 E = Time spent auto-exploring this place.
 F = Levels seen in this place.
 G = Mean time per level.
                   A        B        C        D        E       F      G
               +--------+--------+--------+--------+--------+-----+--------+
         Total |  81261 |  72884 |   8377 |  13992 |  38836 |  67 | 1212.9 |
       Dungeon |  18869 |  16169 |   2700 |   4218 |   8335 |  15 | 1257.9 |
        Temple |     65 |     49 |     16 |      0 |     39 |   1 |   65.0 |
          Lair |   8724 |   6828 |   1896 |    446 |   4492 |   6 | 1454.0 |
         Swamp |   4170 |   3688 |    482 |    906 |   1657 |   4 | 1042.5 |
     Snake Pit |   7979 |   7602 |    377 |   1353 |   3672 |   4 | 1994.8 |
    Slime Pits |   2039 |   1978 |     61 |    911 |    144 |   5 |  407.8 |
  Orcish Mines |   2215 |   1657 |    558 |    366 |    911 |   2 | 1107.5 |
   Elven Halls |   4824 |   4632 |    192 |    893 |   2068 |   3 | 1608.0 |
        Vaults |   8056 |   7229 |    827 |   1303 |   4086 |   4 | 2014.0 |
         Crypt |   3671 |   3582 |     89 |     93 |   2331 |   3 | 1223.7 |
        Depths |   9769 |   8827 |    942 |   2570 |   4266 |   5 | 1953.8 |
          Hell |    741 |    732 |      9 |     56 |    466 |   1 |  741.0 |
           Zot |   3737 |   3514 |    223 |    110 |   2749 |   4 |  934.2 |
         Abyss |   1069 |   1069 |      0 |      2 |    504 |   3 |  356.3 |
   Pandemonium |   3680 |   3680 |      0 |    384 |   2469 |   4 |  920.0 |
         Trove |     44 |     44 |      0 |      0 |      2 |   1 |   44.0 |
      Ice Cave |    793 |    793 |      0 |    255 |    267 |   1 |  793.0 |
      Gauntlet |    808 |    808 |      0 |    123 |    377 |   1 |  808.0 |
               +--------+--------+--------+--------+--------+-----+--------+

Top non-repeatable levels by time:
Depths:5: 3192 daAuts
 Snake:4: 2973 daAuts
Vaults:3: 2425 daAuts
     D:9: 2134 daAuts
    D:13: 2027 daAuts
Depths:2: 2001 daAuts
Vaults:2: 1953 daAuts
Vaults:1: 1950 daAuts
 Snake:2: 1883 daAuts
 Snake:3: 1870 daAuts
Depths:3: 1731 daAuts
Vaults:4: 1726 daAuts
  Lair:6: 1702 daAuts
  Lair:2: 1698 daAuts
    D:12: 1690 daAuts
